 Dungeon Crawl Stone Soup version 0.21.1-1-g345015f (webtiles) character file.

46 letownia2 the Magician (level 3, -1/24 HPs)
             Began as a Merfolk Wizard on Mar 19, 2018.
             Slain by a leopard gecko (5 damage)
             ... on level 3 of the Dungeon.
             The game lasted 00:05:50 (728 turns).

letownia2 the Magician (Merfolk Wizard)              Turns: 728, Time: 00:05:50

Health: -1/24      AC:  3    Str:  8    XL:     3   Next: 68%
Magic:  7/7        EV: 13    Int: 17    God:
Gold:   29         SH:  0    Dex: 12    Spells: 2/8 levels left

rFire    . . .     SeeInvis .   e - +0 short sword
rCold    . . .     Gourm    .   (no shield)
rNeg     . . .     Faith    .   a - +0 robe
rPois    .         Spirit   .   b - +0 hat
rElec    .         Reflect  .   i - +0 cloak
rCorr    .         Harm     .   (no gloves)
MR       .....                  (no boots)
Stlth    ++........             (no amulet)
HPRegen  0.08/turn              k - ring of flight
MPRegen  0.10/turn              (no ring)

@: no status effects
A: change form in water, swift swim, stealthy swim
a: Evoke Flight


You were on level 3 of the Dungeon.
You were not hungry.

You visited 1 branch of the dungeon, and saw 3 of its levels.

You collected 29 gold pieces.

Inventory:

Hand Weapons
 d - a +0 hunting sling
 e - a +0 short sword (weapon)
 f - a +0 hunting sling
 n - a +0 spear
 o - a +0 dagger
Missiles
 p - 15 stones (quivered)
Armour
 a - a +0 robe (worn)
 b - a +0 hat (worn)
 h - a +0 ring mail
 i - a +0 cloak (worn)
 r - a +0 helmet
Jewellery
 k - a ring of flight (left hand)
Scrolls
 g - 2 scrolls of identify {unknown}
 l - a scroll of remove curse {unknown}
Potions
 j - a potion of heal wounds {unknown}
 m - a potion of mutation {unknown}
Books
 c - a book of Minor Magic

   Spells                             Type                      Level
   a - Magic Dart                     Conjuration                  1
   b - Blink                          Translocation                2
   c - Call Imp                       Summoning                    2
   d - Slow                           Hexes                        2
   e - Conjure Flame                  Conjuration/Fire             3
   f - Mephitic Cloud                 Conjuration/Poison/Air       3
Comestibles
 q - 2 rations


   Skills:
 - Level 2.6 Dodging
 - Level 2.1 Stealth
 + Level 3.1 Spellcasting
 - Level 1.5 Conjurations
 - Level 2.1 Summonings
   Level 0.7 Translocations
 + Level 0.5 Air Magic
 + Level 0.9 Poison Magic


You had 2 spell levels left.
You knew the following spells:

 Your Spells              Type           Power        Failure   Level  Hunger
a - Magic Dart            Conj           #...         9%          1    None
e - Mephitic Cloud        Conj/Pois/Air  #.......     34%         3    ###....
i - Call Imp              Summ           ##......     11%         2    ##.....


Dungeon Overview and Level Annotations

Branches:
Dungeon (3/15)

Altars:

Annotations:
D:2 Robin


Message History

You see here an emerald potion.
Unknown command.
The leopard gecko hisses menacingly.
The leopard gecko bites you. The hobgoblin barely misses you.
The hobgoblin hits you.
Found 9 gold pieces.
The orc wizard gestures wildly while chanting.
The orc wizard seems to speed up.
The orc priest mumbles some strange prayers to Beogh against you.
Pain shoots through your body!
Ouch! That really hurt!
* * * LOW HITPOINT WARNING * * *
The leopard gecko closely misses you. The orc priest barely misses you.
Unknown command.
The leopard gecko closely misses you.
Unknown command.
Unknown command.
The leopard gecko bites you.
You die...

.....### #......
#....# ###....# #
######<#....## .#
..............#...
####.##.#.o.......
#.##.#o....#..
####@##.#...#.#
#....lg.#..%#.#.
..........o.o.......
..##.##$##g#........
#. #.##.......#... #
#.##...........
#.##....#......
#.##.####++### #.
#.#


You could see an orc wizard, an orc, a leopard gecko, a hobgoblin and a goblin.

Vanquished Creatures
  A dart slug (D:2)
  2 giant cockroaches (D:2)
  10 goblins (D:2)
  2 hobgoblins
  A jackal (D:2)
  2 kobolds
  5 frilled lizards
  2 rats (D:2)
25 creatures vanquished.

Vanquished Creatures (collateral kills)
  An adder (D:2)
  A worm (D:2)
  A bat (D:2)
  3 goblins (D:2)
  2 hobgoblins
  2 jackals (D:2)
  2 kobolds (D:2)
  A rat (D:2)
13 creatures vanquished.

Grand Total: 38 creatures vanquished

Notes
Turn   | Place    | Note
-------+----------+-------------------------------------------
     0 | D:1      | letownia2 the Merfolk Wizard began the quest for the Orb.
     0 | D:1      | Reached XP level 1. HP: 13/13 MP: 4/4
    60 | D:2      | Reached skill level 1 in Conjurations
   159 | D:2      | Reached XP level 2. HP: 12/19 MP: 1/6
   166 | D:2      | Learned a level 2 spell: Call Imp
   252 | D:2      | Reached XP level 3. HP: 7/24 MP: 1/7
   257 | D:2      | Learned a level 3 spell: Mephitic Cloud
   272 | D:2      | Noticed a phantom
   580 | D:2      | Noticed Robin
   728 | D:3      | Slain by a leopard gecko

Skill      XL: |  1  2 |
---------------+-------+-----
Conjurations   | 1 |  1.5
Summonings     | 2 |  2.1
Dodging        | |  2.6
Stealth        | |  2.1
Spellcasting   | |  3.1
Translocations | |  0.7
Air Magic      | |  0.5
Poison Magic   | |  0.9

Action                   || total
-------------------------++-------
Melee: Short sword       ||    51
 Cast: Magic Dart        ||    28
       Call Imp          ||     9
       Mephitic Cloud    ||     1
Armor: Robe              ||     9
Dodge: Dodged            ||    39
